 Dungeon Crawl Stone Soup version 0.29-a0-559-g359e09b9d1 (webtiles) character file.

Game seed: 1495161541892787750

522 DocClef the Covert (level 7, 0/60 HPs)
             Began as a Gnoll Delver on June 9, 2022.
             Was a Follower of Okawaru.
             Slain by Pikel
             ... wielding a +2 whip of flaming
              (2 damage)
             ... on level 4 of the Dungeon.
             The game lasted 00:01:33 (1639 turns).

DocClef the Covert (Gnoll Delver)                   Turns: 1639, Time: 00:01:34

Health: 0/60       AC:  3    Str: 15    XL:     7   Next: 22%
Magic:  10/10      EV: 13    Int:  9    God:    Okawaru [*.....]
Gold:   47         SH:  0    Dex: 14    Spells: 10/10 levels left

rFire   . . .      SeeInvis .   h - +8 hand axe "Koku" {elec, Str+2 Stlth+}
rCold   . . .      Faith    .   (no shield)
rNeg    . . .      Spirit   .   b - +0 leather armour
rPois   .          Reflect  .   (no helmet)
rElec   .          Harm     .   (no cloak)
rCorr   .          Rampage  .   (no gloves)
Will    .....                   (no boots)
Stlth   +++++.....              (no amulet)
HPRegen 0.20/turn               (no ring)
MPRegen 0.12/turn               (no ring)

@: no status effects
A: fangs 1, strong nose, distributed training
a: Renounce Religion, Heroism


You were on level 4 of the Dungeon.
You worshipped Okawaru.
Okawaru was aware of your devotion.
You visited 2 branches of the dungeon, and saw 3 of its levels.

You collected 47 gold pieces.

Inventory:

Hand Weapons
 a - a +0 short sword
 h - the +8 hand axe "Koku" (weapon) {elec, Str+2 Stlth+}
   (You found it on level 5 of the Dungeon)

   It occasionally discharges a powerful burst of electricity upon striking a
   foe.
   Str:       It affects your strength (+2).
   Stlth:     It makes you more stealthy.
 k - the +9 dagger "Yqeobilu" {venom, rF- rC+++ Dex-5 SInv}
   (You found it on level 5 of the Dungeon)

   It poisons the flesh of those it strikes.
   Dex:       It affects your dexterity (-5).
   rF:        It makes you vulnerable to fire.
   rC:        It renders you almost immune to cold.
   SInv:      It lets you see invisible.
Missiles
 o - 2 throwing nets (quivered)
Armour
 b - a +0 leather armour (worn)
Wands
 g - a wand of digging (3)
 m - a wand of polymorph (2)
Scrolls
 c - a scroll of fog
 d - 2 scrolls of magic mapping
 e - a scroll of fear
 j - a scroll of identify {unknown}
Potions
 f - 2 potions of haste
 i - 2 potions of degeneration {unknown}
 l - a potion of curing {unknown}
 n - a potion of berserk rage {unknown}


   Skills:
 + Level 7.0 Fighting
 + Level 5.2 Short Blades
 + Level 2.3 Long Blades
 + Level 2.3 Axes
 + Level 2.3 Maces & Flails
 + Level 2.3 Polearms
 + Level 2.3 Staves
 + Level 2.3 Slings
 + Level 2.3 Bows
 + Level 2.3 Crossbows
 + Level 2.3 Throwing
 + Level 2.3 Armour
 + Level 5.2 Dodging
 + Level 9.9 Stealth
 + Level 2.3 Shields
 + Level 2.3 Unarmed Combat
 + Level 2.3 Spellcasting
 + Level 1.9 Conjurations
 + Level 1.9 Hexes
 + Level 1.9 Summonings
 + Level 1.9 Necromancy
 + Level 1.9 Translocations
 + Level 1.9 Transmutations
 + Level 1.9 Fire Magic
 + Level 1.9 Ice Magic
 + Level 1.9 Air Magic
 + Level 1.9 Earth Magic
 + Level 1.9 Poison Magic
 + Level 2.6 Invocations
 + Level 2.3 Evocations


You had 10 spell levels left.
You didn't know any spells.
Your spell library was empty.

Dungeon Overview and Level Annotations

Branches:
Dungeon (5/15)             Temple (1/1) D:5

Altars:
Dithmenos
Elyvilon
Hepliaklqana
Kikubaaqudgha
Makhleb
Okawaru
Qazlal
Ru
Sif Muna
Trog
Uskayaw
Vehumet
Wu Jian
The Shining One

Shops:
D:5 [

Annotations:
D:4 Pikel


Innate Abilities, Weirdness & Mutations

You have very sharp teeth.
Your uncanny sense of smell can sniff out nearby items.
Your experience applies equally to all skills.


Message History

That felt strangely unrewarding.
You hit the lemure. The lemure barely misses you.
Pikel attacks as you move away! Pikel barely misses you.
You barely miss the lemure. The lemure hits you.
Pikel says, "You'll make a fine lemure."
You miss the lemure. The lemure misses you.
You barely miss Pikel.
Pikel hits you with a +2 whip of flaming!
Pikel burns you.
You hit Pikel.
Pikel is lightly wounded.
Pikel closely misses you.
You closely miss Pikel.
Pikel is lightly wounded.
Pikel hits you with a +2 whip of flaming!
Pikel burns you.
You are too injured to fight recklessly!
You slash Pikel! Your punch misses Pikel.
Pikel is heavily wounded.
Pikel misses you.
Unknown command.
You slash Pikel! Your punch misses Pikel.
Pikel is heavily wounded.
Pikel waves his whip at you.
Pikel hits you with a +2 whip of flaming.
Pikel burns you.
Pikel hits you with a +2 whip of flaming!
* * * LOW HITPOINT WARNING * * *
Pikel burns you.
* * * LOW HITPOINT WARNING * * *
You hit Pikel.
Pikel is severely wounded.
Pikel barely misses you.
Unknown command.
You hit Pikel.
Pikel is severely wounded.
Pikel hits you with a +2 whip of flaming.
* * * LOW HITPOINT WARNING * * *
Pikel burns you.
You die...

# #.# #..## ## ###.#
#.## # ....# #.# #.###
#.# #+# ##### #.# #.#
#.# #.... #.# ##.# #.#
#.### #.# ##...## ##.##
#.### ..#
#.....#######...## #....
### #..?.5K@...#.....#
##### #
#..!.5####.##...########
##...## ##.##..)........
#### #...#..#########
#......# #...##.#
######.# #.# #.#


You could see Pikel and 2 lemures.

Vanquished Creatures
  2 ogres
  A centaur (D:5)
  2 lemures (D:4)
  A phantom (D:5)
  A howler monkey (D:4)
  2 jellies
  An iguana (D:5)
  Natasha (D:4)
  A gnoll (D:4)
  2 adders (D:5)
  2 worms (D:5)
  A dart slug (D:4)
  2 endoplasms (D:4)
  A goblin (D:4)
  A hobgoblin (D:4)
  3 jackals (D:5)
  A quokka (D:4)
  A ball python (D:4)
  A kobold (D:4)
27 creatures vanquished.

Notes
Turn   | Place    | Note
-------+----------+-------------------------------------------
     0 | D:5      | Reached skill level 9 in Stealth
     0 | D:5      | DocClef the Gnoll Delver began the quest for the Orb.
     0 | D:5      | Reached XP level 1. HP: 23/23 MP: 1/1
     1 | D:5      | Identified the +8 hand axe "Koku" {elec, Str+2 Stlth+}
    54 | D:5      | Noticed an ogre
    54 | D:5      | Found a staircase to the Ecumenical Temple.
    59 | D:5      | Killed an ogre
    60 | D:5      | Reached skill level 1 in Long Blades
    60 | D:5      | Reached skill level 1 in Axes
    60 | D:5      | Reached skill level 1 in Maces & Flails
    60 | D:5      | Reached skill level 1 in Polearms
    60 | D:5      | Reached skill level 1 in Staves
    60 | D:5      | Reached skill level 1 in Slings
    60 | D:5      | Reached skill level 1 in Bows
    60 | D:5      | Reached skill level 1 in Crossbows
    60 | D:5      | Reached skill level 1 in Throwing
    60 | D:5      | Reached skill level 1 in Armour
    60 | D:5      | Reached skill level 1 in Shields
    60 | D:5      | Reached skill level 1 in Unarmed Combat
    60 | D:5      | Reached skill level 1 in Spellcasting
    60 | D:5      | Reached skill level 1 in Invocations
    60 | D:5      | Reached skill level 1 in Evocations
    60 | D:5      | Reached XP level 2. HP: 29/29 MP: 1/3
    60 | D:5      | Reached XP level 3. HP: 35/35 MP: 1/4
    60 | D:5      | Reached XP level 4. HP: 41/41 MP: 1/5
    60 | D:5      | Noticed a phantom
    67 | D:5      | Killed a phantom
    68 | D:5      | Reached skill level 1 in Conjurations
    68 | D:5      | Reached skill level 1 in Hexes
    68 | D:5      | Reached skill level 1 in Summonings
    68 | D:5      | Reached skill level 1 in Necromancy
    68 | D:5      | Reached skill level 1 in Translocations
    68 | D:5      | Reached skill level 1 in Transmutations
    68 | D:5      | Reached skill level 1 in Fire Magic
    68 | D:5      | Reached skill level 1 in Ice Magic
    68 | D:5      | Reached skill level 1 in Air Magic
    68 | D:5      | Reached skill level 1 in Earth Magic
    68 | D:5      | Reached skill level 1 in Poison Magic
    68 | D:5      | Reached XP level 5. HP: 43/47 MP: 1/7
    71 | Temple   | Entered the Ecumenical Temple
   196 | Temple   | Became a worshipper of Warmaster Okawaru
   422 | D:5      | Identified the +9 dagger "Yqeobilu" {venom, rF- rC+++ Dex-5
                  | SInv}
   501 | D:5      | Found a hazy altar of Hepliaklqana.
   605 | D:5      | Reached XP level 6. HP: 48/53 MP: 8/8
   646 | D:5      | Reached skill level 5 in Short Blades
   646 | D:5      | Reached skill level 5 in Dodging
   892 | D:5      | Found Lyfauvurch's Antique Armour Emporium.
  1302 | D:4      | Noticed Natasha
  1305 | D:4      | Killed Natasha
  1305 | D:4      | Reached * piety under Okawaru
  1356 | D:4      | Reached XP level 7. HP: 45/59 MP: 10/10
  1622 | D:4      | Noticed Pikel
  1639 | D:4      | HP: 2/60 [Pikel/+2 whip of flaming (5)]
  1639 | D:4      | Slain by Pikel

Illustrated notes

Levels and vault maps discovered:
D:4:      layout_loops_corners, mainiacjoe_overflow_paths,
          kennysheep_generic_room_7, uniq_natasha, uniq_edmund, uniq_pikel
D:5:      layout_loops_ring, overflow_temple_1_default, temple_green,
          serial_shops, nicolae_shop_stone
Temple:   dshaligram_water_room_temple

Skill      XL: |  1  2  3  4  5  6  7 |
---------------+----------------------+-----
Stealth        | |  9.9
Long Blades    | 1 2 |  2.3
Axes           | 1 2 |  2.3
Maces & Flails | 1 2 |  2.3
Polearms       | 1 2 |  2.3
Staves         | 1 2 |  2.3
Slings         | 1 2 |  2.3
Bows           | 1 2 |  2.3
Crossbows      | 1 2 |  2.3
Throwing       | 1 2 |  2.3
Armour         | 1 2 |  2.3
Shields        | 1 2 |  2.3
Unarmed Combat | 1 2 |  2.3
Spellcasting   | 1 2 |  2.3
Invocations    | 1 2 |  2.6
Evocations     | 1 2 |  2.3
Conjurations   | 1 |  1.9
Hexes          | 1 |  1.9
Summonings     | 1 |  1.9
Necromancy     | 1 |  1.9
Translocations | 1 |  1.9
Transmutations | 1 |  1.9
Fire Magic     | 1 |  1.9
Ice Magic      | 1 |  1.9
Air Magic      | 1 |  1.9
Earth Magic    | 1 |  1.9
Poison Magic   | 1 |  1.9
Short Blades   | 5 |  5.2
Dodging        | 5 |  5.2
Fighting       | 7 |  7.0

Action                   |  1- 3 |  4- 6 |  7- 9 || total
-------------------------+-------+-------+-------++-------
Melee: Hand axe          |     4 |    47 |    16 ||    67
       Bite              |       |     4 |     1 ||     5
       Punch             |       |     1 |       ||     1
 Stab: Sleeping          |       |     9 |     1 ||    10
Armor: Leather armour    |       |     7 |       ||     7
Dodge: Dodged            |     3 |    29 |    13 ||    45

Table legend: (Time is in decaauts)
 A = Elapsed time spent in this place.
 B = Non-inter-level travel time spent in this place.
 C = Inter-level travel time spent in this place.
 D = Time resting spent in this place.
 E = Time spent auto-exploring this place.
 F = Levels seen in this place.
 G = Mean time per level.
                   A        B        C        D        E       F      G
               +--------+--------+--------+--------+--------+-----+--------+
         Total |   1652 |   1559 |     93 |      0 |   1302 |   3 |  550.7 |
       Dungeon |   1510 |   1438 |     72 |      0 |   1193 |   2 |  755.0 |
        Temple |    141 |    120 |     21 |      0 |    109 |   1 |  141.0 |
               +--------+--------+--------+--------+--------+-----+--------+

Top non-repeatable levels by time:
     D:5: 972 daAuts
     D:4: 537 daAuts
  Temple: 141 daAuts
